 Dungeon Crawl Stone Soup version 0.16.1-2-g95b8d4c (webtiles) character file.

1015 Helmschank the Slicer (level 8, -5/44 HPs)
             Began as a Kobold Assassin on Mar 25, 2015.
             Was a Follower of Dithmenos.
             Killed from afar by Blork the orc (9 damage)
             ... with a puff of flame
             ... on level 4 of the Dungeon.
             The game lasted 00:34:12 (4775 turns).

Helmschank the Slicer (Kobold Assassin)             Turns: 4775, Time: 00:34:12

Health: -5/44      AC:  4    Str:  9    XL:     8   Next: 45%
Magic:  8/8        EV: 14    Int:  9    God:    Dithmenos [*.....]
Gold:   211        SH:  0    Dex: 20    Spells: 0 memorised, 7 levels left

rFire  . . .     SeeInvis .     e - +0 blowgun
rCold  . . .     Clarity  .     c - +0 robe
rNeg   . . .     SustAb   .     (no shield)
rPois  .         Gourm    .     (no helmet)
rElec  .         Spirit   .     d - +0 cloak
rCorr  .         Warding  .     i - +0 pair of gloves
rMut   .         Stasis   .     (no boots)
MR     .....                    (no amulet)
Stlth  +++++.....               (no ring)
                                (no ring)

@: wreathed by umbra, not resistant to hostile enchantments, quite stealthy
A: carnivore 3
a: Renounce Religion


You were on level 4 of the Dungeon.
You worshipped Dithmenos.
Dithmenos was aware of your devotion.
You were completely stuffed.

You visited 2 branches of the dungeon, and saw 5 of its levels.

You collected 211 gold pieces.

Inventory:

Hand weapons
 e - a +0 blowgun (weapon)
 w - a +2 dagger
 E - a +0 falchion
Missiles
 b - 32 poisoned needles (quivered)
 f - 7 curare-tipped needles
 h - 64 stones
 s - 8 tomahawks
Armour
 c - a +0 robe (worn)
 d - a +0 cloak (worn)
 i - a +0 pair of gloves (worn)
 C - an ice dragon hide
Jewellery
 u - an uncursed amulet of rage {unknown}
Scrolls
 l - 2 scrolls of noise {unknown}
 p - 2 scrolls of enchant armour {unknown}
 r - 2 scrolls of enchant weapon {unknown}
 t - 2 scrolls of teleportation {unknown}
 x - a scroll of fog {unknown}
 y - a scroll of remove curse {unknown}
 z - 2 scrolls of identify {unknown}
 A - 3 scrolls of fear {unknown}
 G - a scroll of immolation {unknown}
Potions
 a - 2 potions of heal wounds {unknown}
 j - 2 potions of brilliance {unknown}
 k - a potion of mutation {unknown}
 m - 3 potions of curing {unknown}
 n - a potion of might {unknown}
 q - 3 potions of haste {unknown}
 v - a potion of restore abilities {unknown}
 D - a potion of ambrosia {unknown}
 F - a potion of lignification {unknown}
Comestibles
 g - 4 meat rations
 o - a royal jelly


   Skills:
 - Level 2.1 Fighting
 * Level 11.1 Short Blades
 - Level 2.6 Throwing
 - Level 1.2 Dodging
 + Level 7.8 Stealth


You had 7 spell levels left.
You didn't know any spells.

Dungeon Overview and Level Annotations

Branches:
Dungeon (4/15)             Temple (1/1) D:4

Altars:
Ashenzari
Dithmenos
Elyvilon
Fedhas
Gozag
Kikubaaqudgha
Makhleb
Nemelex Xobeh
Okawaru
Ru
Sif Muna
Trog
Vehumet
Xom
Yredelemnul
The Shining One

Annotations:
D:4 Blork the orc


Innate Abilities, Weirdness & Mutations

You are small and have problems with some larger weapons.
You are carnivorous and can eat meat at any time.


Message History

Aim: an orc, wielding a short sword (severely wounded)
You shoot a curare-tipped needle. The curare-tipped needle hits the orc.
The orc is poisoned.
The orc convulses.
You kill the orc!
Dithmenos accepts your kill. Something hits you.
Fire/throw which item? (* to show all) (? for menu, Esc to quit)
Press: ? - help, Shift-Dir - straight line You shoot a curare-tipped needle.
Something hits you!
* * * LOW HITPOINT WARNING * * *
Something hits you.
* * * LOW HITPOINT WARNING * * *
Read which item? (? for menu, Esc to quit)
Okay, then.
There is an open door here.
Something barely misses you. The magic dart hits you!
* * * LOW HITPOINT WARNING * * *
The puff of flame hits you!
You die...

######..........#
...........###..+
###.......##
.........##
.##.....>#
#......# #.####'##
... ##...##
##....@## ## #
....#.......##
#.#.#
#.........####...#
+.........'..[((#
#.........####.##
##.......## #.#
##.....## ..#
##...## ... ##+##
#.##


There were no monsters in sight!

Vanquished Creatures
  Pikel (D:4)
  An ogre (D:3)
  2 slaves (D:4)
  A scorpion (D:4)
  An orc priest (D:4)
  A worker ant (D:4)
  2 orc wizards
  Ijyb (D:2)
  Jessica (D:2)
  Terence (D:2)
  10 gnolls
  4 adders
  2 giant mites
  A worm (D:3)
  2 giant geckos
  3 oozes
  16 orcs
  12 bats
  6 giant cockroaches
  11 hobgoblins
  9 jackals
  2 quokkas (D:3)
  5 giant newts
  5 goblins
  11 kobolds
  6 rats
117 creatures vanquished.

Vanquished Creatures (others)
  A worm (D:4)
1 creature vanquished.

Grand Total: 118 creatures vanquished

Notes
Turn   | Place    | Note
--------------------------------------------------------------
     0 | D:1      | Helmschank, the Kobold Assassin, began the quest for the Orb.
     0 | D:1      | Reached XP level 1. HP: 12/12 MP: 1/1
   450 | D:1      | Reached XP level 2. HP: 17/17 MP: 2/2
   800 | D:1      | Reached XP level 3. HP: 21/21 MP: 3/3
  1435 | D:2      | Noticed Jessica
  1442 | D:2      | Killed Jessica
  1442 | D:2      | Reached skill level 5 in Short Blades
  1511 | D:2      | Found a deep blue altar of Sif Muna.
  1558 | D:2      | Reached XP level 4. HP: 24/26 MP: 4/4
  1883 | D:2      | Noticed Ijyb
  1890 | D:2      | Killed Ijyb
  1908 | D:2      | Reached skill level 6 in Short Blades
  2115 | D:2      | Noticed Terence
  2118 | D:2      | Killed Terence
  2118 | D:2      | Reached XP level 5. HP: 30/30 MP: 5/5
  2334 | D:2      | Reached skill level 7 in Short Blades
  2586 | D:3      | Noticed an ogre
  2638 | D:3      | Found a sparkling altar of Nemelex Xobeh.
  2952 | D:3      | Reached XP level 6. HP: 35/35 MP: 6/6
  3079 | D:3      | Reached skill level 8 in Short Blades
  3181 | D:3      | Killed an ogre
  3202 | D:3      | Found a shadowy altar of Dithmenos.
  3209 | D:3      | Became a worshipper of Dithmenos the Shadowed
  3651 | D:3      | Reached skill level 9 in Short Blades
  3676 | D:3      | Reached XP level 7. HP: 40/40 MP: 7/7
  4051 | D:4      | Noticed Pikel
  4097 | D:4      | Killed Pikel
  4097 | D:4      | Reached skill level 10 in Short Blades
  4097 | D:4      | Reached XP level 8. HP: 44/44 MP: 8/8
  4263 | D:4      | Found a staircase to the Ecumenical Temple.
  4271 | Temple   | Entered the Ecumenical Temple
  4358 | D:4      | Reached skill level 11 in Short Blades
  4485 | D:4      | Found a basalt altar of Yredelemnul.
  4740 | D:4      | Noticed Blork the orc
  4775 | D:4      | Killed from afar by Blork the orc

Action                   |  1- 3 |  4- 6 |  7- 9 || total
-------------------------+-------+-------+-------++-------
Melee: Dagger            |    77 |   129 |    99 ||   305
 Fire: Blowgun           |     4 |    37 |    42 ||    83
Throw: Stone             |     1 |       |       ||     1
       Tomahawk          |       |    13 |       ||    13
 Stab: Sleeping          |     4 |    13 |     9 ||    26
       Distracted        |       |     2 |     1 ||     3
  Eat: Chunk             |    10 |     6 |     4 ||    20
